 Dungeon Crawl Stone Soup version 0.18-a0-1180-g64ccc1e (webtiles) character file.

270 timbw the Chopper (level 6, 0/76 HPs)
             Began as a Minotaur Fighter on Jan 27, 2016.
             Was an Initiate of Makhleb.
             Succumbed to a gnoll's poison
             ... on level 3 of the Dungeon.
             The game lasted 00:05:05 (1120 turns).

timbw the Chopper (Minotaur Fighter)                Turns: 1120, Time: 00:05:05

Health: 0/76       AC: 23    Str: 21    XL:     6   Next: 1%
Magic:  5/5        EV:  2    Int:  5    God:    Makhleb [......]
Gold:   68         SH: 10    Dex: 15    Spells: 0 memorised, 5 levels left

rFire  . . .     SeeInvis .     d - 2 scrolls of amnesia {unknown}
rCold  . . .     Gourm    .     (armour currently unavailable)
rNeg   + + +     Faith    .     c - +0 shield
rPois  +         Spirit   .     (helmet currently unavailable)
rElec  .         Dismiss  .     (cloak currently unavailable)
rCorr  .         Reflect  .     (gloves currently unavailable)
SustAt .         Harm     .     (boots currently unavailable)
MR     .....     NoTele   +     (no amulet)
Stlth  +.........               (no ring)
                                m - +4 ring of dexterity

@: lethally poisoned (0 -> 0), tree-form (expiring), not resistant to hostile
enchantments, very unstealthy
A: (retaliatory headbutt), (horns 0)
a: Renounce Religion


You were on level 3 of the Dungeon.
You worshipped Makhleb.
Makhleb was noncommittal.
You were not hungry.
You were a tree.
You visited 1 branch of the dungeon, and saw 4 of its levels.

You collected 68 gold pieces.

Inventory:

Hand Weapons
 a - a +0 war axe
Missiles
 q - 10 poisoned needles
Armour
 b - a +0 scale mail (melded)
 c - a +0 shield (worn)
 o - a +0 pair of boots (melded)
Jewellery
 m - a +4 ring of dexterity (left branch)
Scrolls
 d - 2 scrolls of amnesia (in branch) {unknown}
 e - 2 scrolls of magic mapping {unknown}
 i - a scroll of teleportation {unknown}
 j - 2 scrolls of identify {unknown}
 l - 2 scrolls of enchant armour {unknown}
 n - a scroll of fear {unknown}
Potions
 r - a potion of lignification
Comestibles
 f - 2 bread rations
 g - 2 meat rations
 h - 3 fruits
 k - 4 chunks of flesh


   Skills:
 - Level 3.6 Fighting
 + Level 7.6 Axes
 - Level 3.6 Armour
 - Level 3.6 Shields


You had 5 spell levels left.
You didn't know any spells.

Dungeon Overview and Level Annotations

Branches:
Dungeon (4/15)
 Temple: D:4-7

Altars:
Makhleb
Nemelex Xobeh
Ru
Yredelemnul


Innate Abilities, Weirdness & Mutations

((You reflexively headbutt those who attack you in melee.))
((You have a pair of horns on your head.))


Message History

You feel sick.
You swing at nothing.
You swing at nothing.
* * * LOW HITPOINT WARNING * * *
You feel sick.
You swing at nothing.
* * * LOW HITPOINT WARNING * * *
You feel sick.
You swing at nothing.
You swing at nothing.
* * * LOW HITPOINT WARNING * * *
You feel sick.
You swing at nothing.
You swing at nothing.
Your transformation is almost over.
* * * LOW HITPOINT WARNING * * *
You feel sick.
You swing at nothing.
You swing at nothing.
You die...

............##.....##
.%...>.o....#8.....8
#####.o.#.####.....#
#...# #8...8# #...#
##.....## #...#
#_....._# #####...#
##.....## ........#
#8.))8# .########
###♣### .#
############# .##
#..........##
..#####.########.#
.....##.# #÷##
..##.##.# #..#
........# ##.#
#.......# #.#
####.#.#### #.#


There were no monsters in sight!

Vanquished Creatures
  The ghost of Uberwunderbarhen the Insei, a weakling OpTm (D:3)
  A hound (D:4)
  A worker ant (D:4)
  8 gnolls (D:3)
  4 adders
  2 worms (D:2)
  3 giant geckos
  4 orcs
  2 giant cockroaches
  6 hobgoblins
  A quokka (D:3)
  2 ball pythons (D:3)
  8 bats
  2 giant newts
  5 goblins
  6 kobolds
  A quokka skeleton (D:4)
  3 rats
60 creatures vanquished.

Notes
Turn   | Place    | Note
--------------------------------------------------------------
     0 | D:1      | timbw the Minotaur Fighter began the quest for the Orb.
     0 | D:1      | Reached XP level 1. HP: 19/19 MP: 0/0
    65 | D:1      | Reached XP level 2. HP: 20/26 MP: 1/1
   159 | D:2      | Reached skill level 4 in Axes
   235 | D:2      | Reached XP level 3. HP: 22/31 MP: 2/2
   514 | D:3      | Noticed Uberwunderbarhen's ghost (weakling OpTm)
   520 | D:3      | Killed Uberwunderbarhen's ghost
   520 | D:3      | Reached skill level 5 in Axes
   520 | D:3      | Reached XP level 4. HP: 26/39 MP: 3/3
   526 | D:3      | Reached skill level 6 in Axes
   573 | D:3      | Reached XP level 5. HP: 13/45 MP: 4/4
   583 | D:3      | Found a sparkling altar of Nemelex Xobeh.
   739 | D:3      | Found a burning altar of Makhleb.
   741 | D:3      | Found a basalt altar of Yredelemnul.
   945 | D:4      | Noticed an ice beast
   978 | D:4      | Reached skill level 7 in Axes
  1035 | D:3      | Found a sacrificial altar of Ru.
  1036 | D:3      | Became a worshipper of Makhleb the Destroyer
  1101 | D:3      | Reached XP level 6. HP: 14/51 MP: 5/5
  1110 | D:3      | HP: 3/76 [poisoned by a gnoll]
  1114 | D:3      | HP: 1/76 [poisoned by a gnoll]
  1120 | D:3      | Succumbed to a gnoll's poison

Vault maps used:
D:1:      eino_arrival_tree_alley, hex_large
D:3:      nicolae_overflow_crystal_walls, nicolae_overflow_hidden_temple
D:4:      first_bread

Action                   |  1- 3 |  4- 6 || total
-------------------------+-------+-------++-------
Melee: War axe           |    77 |    58 ||   135
  Use: Potion            |     1 |     2 ||     3
  Eat: Pizza             |       |     1 ||     1
